 Dungeon Crawl Stone Soup version 0.26-a0-651-gb41185065b (webtiles) character file.

Game seed: 6645079757305003646

11 Alarkh the Insei (level 2, 20/21 HPs)
             Began as a Demonspawn Transmuter on Oct 30, 2020.
             Got out of the dungeon alive.
             The game lasted 00:00:20 (522 turns).

Alarkh the Insei (Demonspawn Transmuter)             Turns: 522, Time: 00:00:21

Health: 20/21      AC:  2    Str: 10    XL:     2   Next: 13%
Magic:  5/5        EV: 12    Int: 14    God:
Gold:   13         SH:  0    Dex: 13    Spells: 4/5 levels left

rFire    . . .     SeeInvis .     - Unarmed
rCold    . . .     Faith    .   (no shield)
rNeg     . . .     Spirit   .   a - +0 robe
rPois    .         Reflect  .   (helmet restricted)
rElec    .         Harm     .   (no cloak)
rCorr    .         Rampage  .   (no gloves)
MR       .....                  (no boots)
Stlth    +.........             (no amulet)
HPRegen  0.07/turn              (no ring)
MPRegen  0.09/turn              (no ring)

@: no status effects
A: antennae 1
a: no special abilities


You escaped.
You visited 1 branch of the dungeon, and saw 1 of its levels.

You collected 13 gold pieces.

Inventory:

Armour
 a - a +0 robe (worn)
Jewellery
 b - a cursed amulet of inaccuracy {unknown}
Scrolls
 c - a scroll of amnesia {unknown}
 d - a scroll of random uselessness {unknown}
 f - a scroll of identify {unknown}
Potions
 e - a potion of flight {unknown}


   Skills:
 - Level 1.0 Fighting
 - Level 1.7 Dodging
 + Level 3.3 Unarmed Combat
 - Level 2.0 Spellcasting
 - Level 1.7 Transmutations


You had 4 spell levels left.
You knew the following spells:

 Your Spells              Type           Power        Failure   Level
a - Beastly Appendage     Tmut           #.....       12%         1

Your spell library contained the following spells:

 Spells                   Type           Power        Failure   Level
 Wereblood                Tmut           #.......     17%         2
 Spider Form              Tmut/Pois      #.........   45%         3
 Ice Form                 Ice/Tmut       #.......     86%         4
 Blade Hands              Tmut           #.........   97%         5


Dungeon Overview and Level Annotations

Branches:
Dungeon (1/15)

Altars:


Innate Abilities, Weirdness & Mutations

You have a pair of small antennae on your head.


Message History

The bat hits you.
* * * LOW HITPOINT WARNING * * *
The bat barely misses you. The bat hits you but does no damage.
The bat barely misses you.
You hit the bat.
You kill the bat!
You hit the rat.
You kill the rat!
The goblin barely misses you.
You see here a rat corpse.
You miss the goblin. The goblin hits you.
* * * LOW HITPOINT WARNING * * *
You hit the goblin. You punch the goblin.
You kill the goblin!
You start resting.
HP restored.
Found a stone staircase leading down.
There is a staircase leading out of the dungeon here.
Are you sure you want to leave the Dungeon?
This will make you lose the game!
You have escaped!

.####
≈^..........[^≈≈8♣
....#
≈..♣P......♣..≈P♣♣
.##.## ♣♣
♣♣♣P..♣♣♣♣♣♣♣♣ .....#
♣.P♣♣♣..P♣♣♣P.♣♣♣
###.##
≈..♣P....PP♣..≈P♣♣
....#
≈^...........^≈≈8♣
#####
≈..♣.......♣P.≈≈♣♣ ♣♣
♣.......♣♣♣♣♣♣
♣♣♣♣♣♣...@...♣♣♣♣♣♣
♣♣≈≈..♣.......♣P.≈P♣♣
♣8≈≈^...........^≈≈8♣
♣♣P≈..♣.......♣..≈≈♣♣
##
♣♣♣.P♣♣.♣♣♣.♣♣P.♣♣♣
.... ♣♣♣♣P.P♣P.P♣♣♣♣
..>. ♣.^.♣.^.♣ ....
♣≈≈≈♣≈≈≈♣ ##
♣P≈P♣P≈≈♣


There were no monsters in sight!

Vanquished Creatures
  A dart slug (D:1)
  A giant cockroach (D:1)
  A hobgoblin (D:1)
  A bat (D:1)
  2 frilled lizards (D:1)
  A goblin (D:1)
  2 kobolds (D:1)
  A rat (D:1)
10 creatures vanquished.

Notes
Turn   | Place    | Note
-------+----------+-------------------------------------------
     0 | D:1      | Alarkh the Demonspawn Transmuter began the quest for the
                  | Orb.
     0 | D:1      | Reached XP level 1. HP: 15/15 MP: 3/3
   184 | D:1      | Reached skill level 3 in Unarmed Combat
   276 | D:1      | Gained mutation: You have a pair of small antennae on your
                  | head. [demonic ancestry]
   276 | D:1      | Reached XP level 2. HP: 12/21 MP: 5/5
   522 | D:$      | Got out of the dungeon alive.

Illustrated notes

Levels and vault maps discovered:
D:1:      psy_arrival_wood_between_worlds, layout_loops_cross

Skill      XL: |  1 |
---------------+----+-----
Unarmed Combat | 3 |  3.3
Fighting       | |  1.0
Dodging        | |  1.7
Spellcasting   | |  2.0
Transmutations | |  1.7

Action                   || total
-------------------------++-------
Melee: Unarmed           ||    30
       Punch             ||     2
 Stab: Sleeping          ||     1
Armor: Robe              ||     9
Dodge: Dodged            ||    24

Table legend: (Time is in decaauts)
 A = Elapsed time spent in this place.
 B = Non-inter-level travel time spent in this place.
 C = Inter-level travel time spent in this place.
 D = Time resting spent in this place.
 E = Time spent auto-exploring this place.
 F = Levels seen in this place.
 G = Mean time per level.
                   A        B        C        D        E       F      G
               +--------+--------+--------+--------+--------+-----+--------+
         Total |    520 |    459 |     61 |    167 |    224 |   1 |  520.0 |
       Dungeon |    520 |    459 |     61 |    167 |    224 |   1 |  520.0 |
               +--------+--------+--------+--------+--------+-----+--------+

Top non-repeatable levels by time:
     D:1: 520 daAuts
